 Dungeon Crawl Stone Soup version 0.31.0-12-g77e489cdc1 (webtiles) character file.

Game seed: 7348997025963000292

921 Doot the Digger (level 8, 0/48 HPs)
             Began as an Octopode Earth Elementalist on Feb 22, 2024.
             Was a Plaything of Xom.
             Slain by an orc
             ... wielding a +0 trident
              (10 damage)
             ... on level 5 of the Dungeon.
             The game lasted 00:08:41 (4250 turns).

Doot the Digger (Octopode Earth Elementalist)       Turns: 4250, Time: 00:08:42

Health: 0/48       AC:  1    Str:  8    XL:     8   Next: 10%
Magic:  4/15       EV: 13    Int: 19    God:    Xom [....*.]
Gold:   286        SH:  0    Dex: 12    Spells: 2/17 levels left

rFire   . . .        x - +2 short sword (protect)
rCold   . . .        (no shield)
rNeg    . . .        (helmet restricted)
rPois   .            (no amulet)
rElec   .            (no ring)
rCorr   .            (no ring)
SInv    .            (no ring)
Will    .....        (no ring)
Stlth   ++++         (no ring)
HPRegen 0.28/turn    (no ring)
MPRegen 0.14/turn    (no ring)
                     (no ring)

%: no passive effects
@: attractive
A: almost no armour, amphibious, 8 rings, camouflage 1, gelatinous body 1,
(nimble swimmer 1), tentacles
a: Renounce Religion


You were on level 5 of the Dungeon.
You worshipped Xom.
You were a beloved toy of Xom.
You visited 2 branches of the dungeon, and saw 6 of its levels.

You collected 286 gold pieces.

Inventory:

Hand Weapons
 e - a +0 dagger
 t - a +1 dagger of chaos
 u - the +0 short sword of Accord {drain, rC+ rN+}
   (You found it on level 4 of the Dungeon)

   rC+:       It protects you from cold.
   rN+:       It protects you from negative energy.
 x - a +2 short sword of protection (weapon)
Magical Staves
 m - a staff of alchemy
Jewellery
 h - a ring of ice
Wands
 v - a wand of digging (1)
Scrolls
 b - 2 scrolls of blinking {unknown}
 c - a scroll of fear {unknown}
 f - a scroll of enchant armour {unknown}
 j - a scroll of immolation {unknown}
 k - 3 scrolls of identify {unknown}
 l - a scroll of vulnerability {unknown}
 n - a scroll of amnesia {unknown}
 p - 2 scrolls of enchant weapon {unknown}
Potions
 a - 2 potions of magic
 d - 2 potions of brilliance
 i - a potion of curing {unknown}
 o - a potion of enlightenment {unknown}
 q - 2 potions of attraction
 r - a potion of mutation {unknown}
 s - a potion of invisibility {unknown}
 w - 2 potions of ambrosia {unknown}


   Skills:
 + Level 1.1 Fighting
 + Level 0.6 Short Blades
 + Level 2.3 Dodging
 + Level 5.1 Stealth
 + Level 5.2 Spellcasting
 + Level 1.0 Conjurations
 * Level 6.8 Earth Magic


You had 2 spell levels left.
You knew the following spells:

 Your Spells              Type           Power      Damage    Failure   Level
a - Sandblast             Erth           62%        2d14      1%          1
b - Passwall              Erth           31%        N/A       2%          3
c - Stone Arrow           Conj/Erth      38%        3d9       8%          3
d - Brom's Barrelling Bo  Conj/Erth      19%        2d4       24%         4
e - Petrify               Alch/Erth      18%        N/A       30%         4

Your spell library contained the following spells:

 Spells                   Type           Power      Damage    Failure   Level
 Hailstorm                Conj/Ice       6%         3d5       30%         3
 Summon Ice Beast         Ice/Summ       4%         N/A       36%         3
 Sculpt Simulacrum        Ice/Alch       2%         N/A       100%        6


Dungeon Overview and Level Annotations

Branches:
Dungeon (5/15)             Temple (1/1) D:4

Altars:
Ashenzari
Cheibriados
Fedhas
Gozag
Hepliaklqana
Kikubaaqudgha
Makhleb
Nemelex Xobeh
Qazlal
Ru
Trog
Uskayaw
Vehumet
Wu Jian
Xom
Yredelemnul
The Shining One


Innate Abilities, Weirdness & Mutations

You cannot wear most types of armour.
You are amphibious.
You can wear up to eight rings at the same time.
Your skin changes colour to match your surroundings (Stealth+).
Your rubbery body absorbs attacks. (AC +1, EV +1)
((You are camouflaged when in or above water. (Stealth+)))
You have tentacles for arms and can constrict up to eight enemies at once.


Message History

You feel sick.
The orc hits you from afar with a +0 trident!
* * * LOW HITPOINT WARNING * * *
You feel much better.
You feel sick. The orc closely misses you. Something hits you.
Casting: Sandblast (safe; 1% risk of failure)
Confirm with . or Enter, or press ? or * to list all spells.
Aiming: Sandblast (safe; 1% risk of failure)
Press: ? - help, Shift-Dir - straight line, f/p - orc priest
Aim: an orc priest, wielding a +0 short sword and wearing a +0 leather armour (84% to hit)
The blast of sand hits something!
You feel sick. The orc barely misses you. The orc misses you.
Something hits you.
Your magical contamination has completely faded away.
Unknown command.
Casting: Sandblast (safe; 1% risk of failure)
Confirm with . or Enter, or press ? or * to list all spells.
Aiming: Sandblast (safe; 1% risk of failure)
Press: ? - help, Shift-Dir - straight line, f/p - orc priest
Aim: an orc priest, wielding a +0 short sword and wearing a +0 leather armour (84% to hit)
The blast of sand hits the orc priest.
The orc priest is moderately wounded.
You feel sick. The orc priest barely misses you.
The orc hits you from afar with a +0 trident.
Something hits you.
The orc priest hits you with a +0 short sword.
* * * LOW HITPOINT WARNING * * *
Casting: Sandblast (safe; 1% risk of failure)
Confirm with . or Enter, or press ? or * to list all spells.
Aiming: Sandblast (safe; 1% risk of failure)
Press: ? - help, Shift-Dir - straight line, f - orc, p - orc priest
Aim: an orc, wielding a +0 trident and wearing a +0 leather armour (84% to hit)
The blast of sand hits the orc priest!
You kill the orc priest!
You feel sick.
You are no longer poisoned.
Xom's attention almost turns to you for a moment.
Your viscous orange potion briefly vibrates.
The orc hits you from afar with a +0 trident!
You die... "It's all fun and games until someone loses an eye."

. # ..# # .. #.
#.### # #..#.####
.... # #.......#
####s#####
#.......###........#
#..@).#...o....#
#...#o.....!...#
#.....##.........#
###
#..######..##.#####
..# #. ##....# _.#
+. ####..# ..# #
#.....## ###
#......# .######
#......#


You could see an orc.

Vanquished Creatures
  A water moccasin (D:5)
  An ogre (D:5)
  A scorpion (D:5)
  4 crimson imps (D:4)
  A jelly (D:5)
  2 bombardier beetles
  A hound (D:5)
  An orc priest (D:5)
  3 iguanas
  2 orc wizards (D:4)
  Natasha (thrice) (D:3)
  9 adders
  A shadow imp (D:4)
  A white imp (D:4)
  3 ribbon worms
  A dart slug (D:1)
  10 orcs
  6 ball pythons
  9 bats
  9 endoplasms
  3 giant cockroaches
  12 goblins
  4 hobgoblins
  3 jackals (D:2)
  5 quokkas
  4 frilled lizards
  11 kobolds
  3 rats
114 creatures vanquished.

Vanquished Creatures (others)
  A kobold (D:3)
1 creature vanquished.

Grand Total: 115 creatures vanquished

Notes
Turn   | Place    | Note
-------+----------+-------------------------------------------
     0 | D:1      | Doot the Octopode Earth Elementalist began the quest for
                  | the Orb.
     0 | D:1      | Reached XP level 1. HP: 11/11 MP: 3/3
   107 | D:1      | Reached XP level 2. HP: 15/17 MP: 0/5
   716 | D:1      | Reached XP level 3. HP: 21/21 MP: 7/7
   894 | D:2      | Learned a level 3 spell: Passwall
   898 | D:2      | Learned a level 3 spell: Stone Arrow
  1205 | D:2      | Reached skill level 4 in Earth Magic
  1205 | D:2      | Reached XP level 4. HP: 20/27 MP: 3/8
  1617 | D:2      | Reached XP level 5. HP: 29/31 MP: 3/10
  2040 | D:3      | Noticed Natasha
  2050 | D:3      | Killed Natasha
  2101 | D:3      | Learned a level 4 spell: Brom's Barrelling Boulder
  2247 | D:3      | Noticed Natasha
  2250 | D:3      | Killed Natasha
  2331 | D:3      | Found a stormy altar of Qazlal.
  2625 | D:3      | Noticed Natasha
  2627 | D:3      | Killed Natasha
  2651 | D:3      | Reached XP level 6. HP: 37/37 MP: 8/12
  2895 | D:4      | Found a staircase to the Ecumenical Temple.
  2906 | Temple   | Entered the Ecumenical Temple
  2930 | D:4      | Found an ancient bone altar of Kikubaaqudgha.
  2931 | D:4      | Found a sparkling altar of Nemelex Xobeh.
  3073 | D:4      | Found a shimmering altar of Xom.
  3078 | D:4      | Reached skill level 5 in Earth Magic
  3082 | D:4      | Became a worshipper of Xom of Chaos
  3125 | D:4      | XOM: silly message
  3299 | D:4      | Identified the +0 short sword of Accord {drain, rC+ rN+}
  3502 | D:4      | Found a sacrificial altar of Ru.
  3504 | D:4      | XOM: summons 4 hostile demons
  3505 | D:4      | Reached XP level 7. HP: 42/42 MP: 10/13
  3646 | D:4      | XOM is BORED!
  3646 | D:4      | XOM: summons 1 hostile demon
  3671 | D:4      | XOM: noise
  3679 | D:4      | Learned a level 4 spell: Petrify
  3810 | D:5      | Entered Level 5 of the Dungeon
  3823 | D:5      | Reached skill level 6 in Earth Magic
  3840 | D:4      | HP: 1/42 [shadow imp/nerve-wracking pain (7)]
  3972 | D:5      | Found an opulent altar of Gozag.
  4009 | D:5      | Reached skill level 1 in Fighting
  4037 | D:5      | Found an ornate altar of the Wu Jian Council.
  4040 | D:5      | Found a hide-covered altar of Uskayaw.
  4043 | D:5      | XOM: 1-stop teleportation journey
  4141 | D:5      | Found a hazy altar of Hepliaklqana.
  4147 | D:5      | Reached skill level 5 in Spellcasting
  4241 | D:5      | Reached XP level 8. HP: 30/48 MP: 11/15
  4246 | D:5      | Reached skill level 5 in Stealth
  4250 | D:5      | XOM: silly message
  4250 | D:5      | Slain by an orc

Illustrated notes

Levels and vault maps discovered:
D:1:      scummos_arrival_simple_crosswalls, layout_rooms, serial_glass,
          glass_columns_b, glass_columns_b, roderic_serpentine_path,
          eino_curves_01, chequers_serial_rivers_micro_b, corexii_corridor_pit,
          chequers_serial_rivers_small_3
D:2:      minmay_skewed_foursquare, layout_loops_corners
D:3:      layout_loops_ring, nicolae_qazlal_scattered_showers, minivault_24,
          uniq_natasha
D:4:      layout_cave_pools, nicolae_ru_great_annihilating_truth, led_xom_imps,
          gammafunk_temple_overflow_statue, minmay_temple_entry_overgrown,
          dk_vineyard_2
D:5:      layout_basic, pdpol_temple_overflow_zin_treasury_gozag_greed,
          nicolae_overflow_squiral, mainiacjoe_overflow_chevrons,
          grunt_ministairs_9, minmay_misc_feat_x, minmay_ruined_shrine
Temple:   pf_temple_reverse_labyrinth

Skill      XL: |  1  2  3  4  5  6  7  8 |
---------------+-------------------------+-----
Stealth        | 3 4 5 |  5.1
Earth Magic    | 4 5 6 |  6.8
Spellcasting   | 3 4 5 |  5.2
Fighting       | 1 |  1.1
Short Blades   | |  0.6
Dodging        | |  2.3
Conjurations   | |  1.0

Action                     |  1- 3 |  4- 6 |  7- 9 || total
---------------------------+-------+-------+-------++-------
  Melee: Dagger            |    17 |     1 |       ||    18
         Constrict         |     3 |     1 |     4 ||     8
         Tentacles         |     1 |       |     5 ||     6
         Short sword       |       |       |    20 ||    20
   Cast: Sandblast         |    35 |    96 |    51 ||   182
         Stone Arrow       |       |     1 |       ||     1
         Passwall          |       |       |     2 ||     2
         Petrify           |       |       |     2 ||     2
    Use: Potion            |       |       |     4 ||     4
   Stab: Sleeping          |     5 |     1 |     3 ||     9
         Petrified         |       |       |    12 ||    12
 Armour: Skin              |     7 |    27 |    37 ||    71
  Dodge: Dodged            |    16 |    30 |    41 ||    87
